Map: Acid Plant LE

Players

RexRequired

  • Race: Terran Terran
  • League: Master
  • Spawn Location: 5:00

A.I. 1 (Very Easy) - Winner!

  • Race: Protoss Protoss
  • Spawn Location: 11:00

VOD

Have the link to the VOD?

Description

Time

  • Played on: Oct. 22, 2018, 5:35 p.m.
  • Length: 7:46
Show
View Real Time Build Order
Export as new Build Order

RexRequired Terran 

Build Orders: Reaper Expand, MMM Bio 

Get SALT Encoding   

  12  0:01  SCV  
  13  0:14  SCV  
  14  0:17  Supply Depot  
  14  0:26  SCV  
  15  0:28  Refinery  
  15  0:39  SCV  
  16  0:44  Barracks  
  16  0:51  SCV  
  17  1:03  SCV  
  18  1:15  SCV  
  19  1:32  Orbital Command, Reaper  
  20  1:43  Command Center  
  20  1:53  Factory  
  20  1:58  SCV  
  21  2:07  Barracks Reactor, Refinery  
  21  2:10  SCV  
  21  2:14  Supply Depot  
  22  2:22  SCV  
  23  2:36  SCV  
  24  2:39  Starport  
  24  2:43  Widow Mine  
  26  2:44  Marine x2  
  26  2:48  SCV  
  29  2:59  Orbital Command  
  29  3:00  SCV  
  29  3:02  Marine x2  
  32  3:07  Widow Mine  
  34  3:13  SCV  
  34  3:15  Medivac  
  37  3:20  Marine x2  
  37  3:25  Supply Depot  
  37  3:26  SCV  
  39  3:28  SCV  
  39  3:30  Factory Tech Lab  
  40  3:39  Barracks  
  40  3:40  SCV  
  41  3:41  SCV  
  41  3:45  Marine  
  41  3:46  Marine  
  44  3:49  Supply Depot  
  44  3:54  SCV x2  
  46  3:58  Siege Tank  
  46  4:01  Starport Tech Lab  
  49  4:06  SCV x2  
  49  4:09  Barracks  
  51  4:11  Marine  
  51  4:12  Marine  
  53  4:19  Engineering Bay, SCV  
  53  4:22  Raven  
  53  4:23  SCV  
  57  4:27  Refinery  
  57  4:30  Supply Depot  
  57  4:31  SCV  
  57  4:37  Refinery  
  57  4:38  SCV  
  59  4:40  Factory Reactor  
  59  4:41  Stimpack  
  59  4:44  Marine x2  
  61  4:50  SCV  
  61  4:51  SCV  
  61  4:52  Supply Depot  
  63  4:53  Marine  
  63  4:58  Supply Depot  
  64  5:03  SCV x2  
  66  5:09  Supply Depot  
  66  5:11  Combat Shields, Starport Reactor  
  66  5:13  Marine  
  67  5:14  Marine  
  67  5:15  SCV x2  
  67  5:17  Marine  
  67  5:20  Terran Infantry Weapons Level 1  
  71  5:24  Widow Mine x2  
  71  5:27  SCV x2  
  77  5:31  Marauder  
  79  5:36  Marine x2  
  79  5:37  Marauder  
  79  5:41  Supply Depot  
  83  5:43  Supply Depot  
  83  5:47  Widow Mine x2  
  87  5:50  Medivac  
  87  5:52  Medivac  
  87  5:54  Marine x2  
  93  6:03  Supply Depot, Marauder  
  95  6:06  Supply Depot  
  95  6:08  Marauder  
  95  6:09  Widow Mine  
  101  6:11  Widow Mine  
  101  6:12  Marine  
  101  6:13  Marine  
  103  6:23  Medivac  
  103  6:24  Marauder  
  103  6:25  Supply Depot, Medivac  
  107  6:28  Supply Depot  
  107  6:30  Marine  
  107  6:31  Marine, Concussive Shells  
  107  6:32  Marauder  
  113  6:34  Widow Mine  
  113  6:35  Widow Mine  
  117  6:45  Marine  
  118  6:47  SCV x2  
  118  6:48  Marine  
  118  6:53  Marauder  
  123  7:03  Marine, Marauder  
  123  7:06  Marine, Command Center  
  127  7:10  SCV x2  
  129  7:17  Widow Mine x2  
  129  7:18  Barracks x2  
  133  7:26  Marine x2  
  140  7:31  SCV  
  140  7:32  Supply Depot  
  140  7:33  Supply Depot  
  140  7:41  Engineering Bay  
  140  7:42  Armory  
Show
View Real Time Build Order
Export as new Build Order

A.I. 1 (Very Easy) Protoss - Winner!

Build Orders: 1 Gate Expand, Nexus First 

Get SALT Encoding   

  12  0:00  Probe  
  13  0:13  Probe  
  14  0:20  Pylon  
  14  0:43  Gateway  
  14  1:01  Nexus  
  14  1:20  Pylon  
  14  1:22  Zealot  
  14  1:24  Assimilator  
  16  1:37  Cybernetics Core  
  16  1:39  Probe  
  17  1:52  Probe  
  18  2:02  Assimilator  
  18  2:03  Probe  
  19  2:11  Probe  
  19  2:14  Stalker  
  19  2:15  Warp Gate  
  22  2:17  Probe  
  23  2:24  Probe  
  23  2:29  Probe  
  25  2:40  Probe  
  26  2:53  Probe  
  27  3:01  Probe  
  28  3:06  Assimilator  
  28  3:08  Probe  
  28  3:10  Pylon  
  29  3:16  Probe  
  30  3:21  Robotics Facility  
  30  3:23  Probe, Zealot  
  33  3:30  Probe  
  34  3:38  Probe  
  35  3:45  Probe  
  35  3:52  Probe  
  36  3:59  Probe  
  37  4:06  Probe  
  38  4:10  Observer  
  38  4:13  Probe  
  38  4:16  Probe  
  41  4:27  Assimilator  
  41  4:28  Probe  
  41  4:31  Probe  
  42  4:32  Sentry, Observer  
  46  4:42  Probe  
  47  4:46  Pylon  
  47  4:49  Probe  
  48  4:56  Probe  
  49  5:02  Probe  
  50  7:19  Observer  
  50  7:20  Sentry  
Tags
 
Add a new tag
Caveats
  • Supply blocks, unpowered buildings, or Contaminate may cause inaccurate times.
  • Supply counts are checked every 10 seconds.